 Dungeon Crawl Stone Soup version 0.28-a0-1616-g050a50673c (webtiles) character file.

Game seed: 14730931551206571152

497 fragbeetle the Chiller (level 7, 0/51 HPs)
             Began as a Merfolk Ice Elementalist on Jan 23, 2022.
             Slain by a phantom (4 damage)
             ... on level 5 of the Dungeon.
             The game lasted 00:10:52 (4613 turns).

fragbeetle the Chiller (Merfolk Ice Elementalist)   Turns: 4613, Time: 00:10:53

Health: 0/51       AC:  4    Str: 11    XL:     7   Next: 15%
Magic:  8/10       EV: 14    Int: 14    God:
Gold:   167        SH:  0    Dex: 14    Spells: 3/10 levels left

rFire   . . .      SeeInvis .   b - staff of cold
rCold   + + .      Faith    .   (no shield)
rNeg    . . .      Spirit   .   j - +0 robe
rPois   .          Reflect  .   a - +1 helmet
rElec   .          Harm     .   (no cloak)
rCorr   .          Rampage  .   (no gloves)
Will    .....                   (no boots)
Stlth   +++.......              (no amulet)
HPRegen 0.17/turn               f - ring of protection from cold
MPRegen 0.12/turn               (no ring)

@: brilliant
A: (nimble swimmer 2), mertail
a: no special abilities


You were on level 5 of the Dungeon.
You visited 1 branch of the dungeon, and saw 5 of its levels.

You collected 167 gold pieces.

Inventory:

Hand Weapons
 q - a +0 spear
Armour
 a - a +1 helmet (worn)
 j - a +0 robe (worn)
Magical Staves
 b - a staff of cold (weapon)
Jewellery
 f - a ring of protection from cold (left hand)
Scrolls
 c - a scroll of enchant weapon {unknown}
 d - 2 scrolls of teleportation
 e - a scroll of summoning {unknown}
 g - 2 scrolls of identify
 i - 2 scrolls of noise
 k - 2 scrolls of torment
Potions
 p - a potion of degeneration {unknown}


   Skills:
 + Level 2.9 Fighting
 * Level 3.7 Polearms
 + Level 4.7 Dodging
 + Level 4.0 Stealth
 - Level 2.0 Spellcasting
 * Level 6.4 Ice Magic


You had 3 spell levels left.
You knew the following spells:

 Your Spells              Type           Power      Damage    Failure   Level
a - Freeze                Ice            100%       1d11      1%          1
b - Frozen Ramparts       Ice            86%        1d10      4%          3
c - Ozocubu's Armour      Ice            43%        N/A       4%          3

Your spell library contained the following spells:

 Spells                   Type           Power      Damage    Failure   Level
 Slow                     Hex            8%         N/A       24%         1
 Corpse Rot               Necr/Air       4%         N/A       34%         2
 Poisonous Vapours        Pois/Air       4%         N/A       34%         2
 Confusing Touch          Hex            2%         N/A       56%         3
 Vampiric Draining        Necr           2%         2d6       56%         3
 Hailstorm                Conj/Ice       23%        3d7       54%         4


Dungeon Overview and Level Annotations

Branches:
Dungeon (5/15)
 Temple: D:4-7

Altars:

Shops:
D:2 *

Annotations:
D:5 exclusion: ice beast


Innate Abilities, Weirdness & Mutations

((You are very nimble when in or above water. (Stealth+, EV+, Speed+++)))
Your lower body shifts to a powerful aquatic tail in water.


Message History

Your icy armour cracks and falls away as you move.
The frozen ramparts melt away as you move.
You barely miss the phantom.
The phantom is heavily damaged.
The phantom barely misses you.
Unknown command.
You hit the phantom.
The phantom is heavily damaged.
The phantom barely misses you.
Unknown command.
You hit the phantom.
The phantom is heavily damaged.
The phantom closely misses you.
Unknown command.
You hit the phantom. You freeze the phantom.
The phantom is severely damaged.
The phantom completely misses you.
Unknown command.
You completely miss the phantom.
The phantom is severely damaged.
The phantom completely misses you.
Unknown command.
You barely miss the phantom.
The phantom is severely damaged.
The phantom barely misses you. The phantom hits you.
* * * LOW HITPOINT WARNING * * *
Unknown command.
You miss the phantom.
The phantom is severely damaged.
The phantom closely misses you.
Unknown command.
You barely miss the phantom.
The phantom is severely damaged.
The phantom hits you!
* * * LOW HITPOINT WARNING * * *
Unknown command.
You closely miss the phantom.
The phantom is severely damaged.
The phantom hits you.
You die...

#......# #......#
#.<....#
#......#######
#............##
#.........##...
#..............
#W.......#####.
#@.....#...####
#......###....####
######............
#.#)#.#.#..##
#............
#.#.....#....
##............
#..#.....#....
#.............


You could see a phantom.

Vanquished Creatures
  An ogre (D:5)
  A necrophage (D:4)
  2 scorpions (D:5)
  2 iguanas (D:5)
  Robin (D:2)
  3 adders
  A worm (D:2)
  13 dart slugs
  An orc (D:3)
  6 ball pythons
  A bat (D:2)
  6 endoplasms
  6 giant cockroaches
  14 goblins
  10 hobgoblins
  8 jackals (D:1)
  4 kobolds
  4 quokkas (D:1)
  A frilled lizard (D:1)
  5 rats
90 creatures vanquished.

Notes
Turn   | Place    | Note
-------+----------+-------------------------------------------
     0 | D:1      | fragbeetle the Merfolk Ice Elementalist began the quest for
                  | the Orb.
     0 | D:1      | Reached XP level 1. HP: 13/13 MP: 3/3
   265 | D:1      | Reached XP level 2. HP: 10/20 MP: 0/5
   735 | D:1      | Reached skill level 1 in Fighting
   762 | D:1      | Reached XP level 3. HP: 24/26 MP: 3/6
  1292 | D:1      | Learned a level 3 spell: Frozen Ramparts
  1320 | D:1      | Reached skill level 5 in Ice Magic
  1710 | D:2      | Found a faded altar of an unknown god.
  1727 | D:2      | Reached XP level 4. HP: 29/32 MP: 2/7
  1743 | D:2      | Learned a level 3 spell: Ozocubu's Armour
  1849 | D:2      | Noticed Robin
  1871 | D:2      | Killed Robin
  2182 | D:2      | Found Ojumoet's Assorted Antiques.
  2838 | D:3      | Reached XP level 5. HP: 38/38 MP: 5/8
  3787 | D:4      | Noticed a phantom
  3814 | D:4      | Noticed a necrophage
  3839 | D:4      | Killed a necrophage
  3840 | D:4      | Reached skill level 1 in Polearms
  3840 | D:4      | Reached XP level 6. HP: 27/46 MP: 4/9
  4006 | D:5      | Entered Level 5 of the Dungeon
  4023 | D:5      | Reached skill level 6 in Ice Magic
  4039 | D:5      | Reached XP level 7. HP: 8/51 MP: 0/10
  4539 | D:5      | Identified a scroll of acquirement
  4539 | D:5      | Acquired a staff of cold
  4613 | D:5      | Slain by a phantom

Illustrated notes

Levels and vault maps discovered:
D:1:      scummos_arrival_star, layout_loops_cross
D:2:      layout_basic, shapermc_ecumenical_altar_pompeii, serial_shops, shop,
          uniq_robin
D:3:      kennysheep_slugbush, layout_basic, minmay_tree_intersection
D:4:      layout_layer_cave, nicolae_dithmenos_shadow_blocks,
          chequers_temple_overflow_statue_of_worship,
          minmay_misc_feat_diagonals, grunt_ministairs_8
D:5:      layout_rooms, st_stairs_2, nrook_pool_corridor

Skill      XL: |  1  2  3  4  5  6 |
---------------+-------------------+-----
Dodging        | 3 4 |  4.7
Fighting       | 1 2 |  2.9
Ice Magic      | 5 6 |  6.4
Stealth        | 3 4 |  4.0
Polearms       | 1 3 |  3.7
Spellcasting   | |  2.0

Action                   |  1- 3 |  4- 6 |  7- 9 || total
-------------------------+-------+-------+-------++-------
Melee: Unarmed           |     8 |       |       ||     8
       Quarterstaff      |    33 |   101 |       ||   134
       Spear             |       |    63 |    21 ||    84
       Tailslap          |       |     3 |       ||     3
       Punch             |       |     1 |       ||     1
       Staff             |       |       |    16 ||    16
 Cast: Freeze            |    50 |    13 |     6 ||    69
       Frozen Ramparts   |     2 |     4 |     3 ||     9
       Ozocubu's Armour  |       |     3 |     2 ||     5
  Use: Scroll            |       |       |     6 ||     6
       Potion            |       |       |     4 ||     4
 Stab: Sleeping          |     4 |     9 |       ||    13
Armor: Robe              |    10 |    43 |     4 ||    57
Dodge: Dodged            |    49 |   103 |    40 ||   192

Table legend: (Time is in decaauts)
 A = Elapsed time spent in this place.
 B = Non-inter-level travel time spent in this place.
 C = Inter-level travel time spent in this place.
 D = Time resting spent in this place.
 E = Time spent auto-exploring this place.
 F = Levels seen in this place.
 G = Mean time per level.
                   A        B        C        D        E       F      G
               +--------+--------+--------+--------+--------+-----+--------+
         Total |   4640 |   4548 |     92 |   1509 |   1999 |   5 |  928.0 |
       Dungeon |   4640 |   4548 |     92 |   1509 |   1999 |   5 |  928.0 |
               +--------+--------+--------+--------+--------+-----+--------+

Top non-repeatable levels by time:
     D:1: 1663 daAuts
     D:2: 1142 daAuts
     D:3: 1027 daAuts
     D:5: 554 daAuts
     D:4: 253 daAuts
